 Dungeon Crawl Stone Soup version 0.23.2-1-ga50397a6bc (webtiles) character file.

Game seed: 6079584624527203125

6027 Arkanax the Severer (level 10, -7/86 HPs)
             Began as a Hill Orc Fighter on June 1, 2019.
             Was a Believer of Uskayaw.
             Mangled by a wolf spider simulacrum (16 damage)
             ... on level 9 of the Dungeon.
             The game lasted 00:14:53 (9418 turns).

Arkanax the Severer (Hill Orc Fighter)              Turns: 9418, Time: 00:14:53

Health: -7/86      AC: 10    Str: 23    XL:     10   Next: 86%
Magic:  10/10      EV:  8    Int:  8    God:    Uskayaw [**....]
Gold:   390        SH: 10    Dex: 10    Spells: 9/9 levels left

rFire    . . .     SeeInvis .   a - +1 war axe
rCold    . . .     Gourm    +   c - +0 shield
rNeg     + . .     Faith    .   y - +1 ring mail {rN+}
rPois    .         Spirit   .   v - +0 helmet
rElec    .         Reflect  .   (no cloak)
rCorr    .         Harm     .   r - +0 pair of gloves
MR       .....                  (no boots)
Stlth    +.........             j - amulet of the gourmand
HPRegen  0.24/turn              o - ring of stealth
MPRegen  0.12/turn              (no ring)

@: no status effects
A: no striking features
a: Stomp, Line Pass, Renounce Religion


You were on level 9 of the Dungeon.
You worshipped Uskayaw.
Uskayaw was noncommittal.
You were hungry.

You visited 2 branches of the dungeon, and saw 10 of its levels.

You collected 462 gold pieces.
You spent 72 gold pieces at shops.

Inventory:

Hand Weapons
 a - a +1 war axe (weapon)
Armour
 b - a +0 scale mail
 c - a +0 shield (worn)
 r - a +0 pair of gloves (worn)
 v - a +0 helmet (worn)
 y - a +1 ring mail of positive energy (worn)
 F - a +1 cloak
Jewellery
 j - an amulet of the gourmand (around neck)
 l - an uncursed amulet of rage
 o - a ring of stealth (left hand)
Wands
 d - a wand of polymorph (2)
 u - a wand of flame (15)
Scrolls
 g - 7 scrolls of remove curse
 i - 5 scrolls of fear
 p - 2 scrolls of magic mapping
 t - 3 scrolls of teleportation
 A - a scroll of amnesia
 B - a scroll of fog {unknown}
 D - a scroll of blinking
 G - a scroll of identify
 H - a scroll of enchant armour {unknown}
Potions
 e - 6 potions of curing
 h - 3 potions of heal wounds
 k - 2 potions of lignification
 m - a potion of ambrosia
 n - a potion of agility
 q - 2 potions of brilliance
 s - a potion of berserk rage
 w - a potion of cancellation
 x - a potion of flight {unknown}
 z - a potion of degeneration {unknown}
 C - a potion of haste {unknown}
 E - a potion of might
Comestibles
 f - 13 rations


   Skills:
 + Level 7.5 Fighting
 - Level 16.0 Axes
 + Level 7.3 Armour
 + Level 6.0 Shields


You had 9 spell levels left.
You didn't know any spells.
Your spell library contained the following spells:

 Spells                   Type           Power        Failure   Level  Hunger
 Bolt of Magma            Conj/Fire/Erth #.........   100%        5    ######.
 Iskenderun's Battlesphe  Conj/Chrm      #.......     100%        5    ######.
 Venom Bolt               Conj/Pois      #.........   100%        5    ######.
 Iron Shot                Conj/Erth      #.........   100%        6    #######
 Orb of Destruction       Conj           #.........   100%        7    #######
 Spellforged Servitor     Conj/Summ      #.........   100%        7    #######


Dungeon Overview and Level Annotations

Branches:
Dungeon (9/15)             Temple (1/1) D:6            Lair (0/6) D:8
    Orc: D:9-12

Altars:
Ashenzari
Cheibriados
Dithmenos
Elyvilon
Fedhas
Gozag
Hepliaklqana
Kikubaaqudgha
Makhleb
Nemelex Xobeh
Okawaru
Sif Muna
Trog
Uskayaw
Vehumet
Wu Jian
Xom
Yredelemnul
Zin
The Shining One

Shops:
D:8 ?

Annotations:
D:5 2 runed translucent doors
D:8 exclusion: 2 electric eels


Message History

You are too injured to fight recklessly!
You are too injured to fight recklessly!
You are too injured to fight recklessly!
You are too injured to fight recklessly!
You are too injured to fight recklessly!
You are too injured to fight recklessly!
You are too injured to fight recklessly!
You are too injured to fight recklessly!
You are too injured to fight recklessly!
You are too injured to fight recklessly!
You are too injured to fight recklessly!
You are too injured to fight recklessly!
You are too injured to fight recklessly!
You are too injured to fight recklessly!
You are too injured to fight recklessly!
You are too injured to fight recklessly!
The wolf spider simulacrum hits you!
* * * LOW HITPOINT WARNING * * *
The wolf spider simulacrum freezes you!
You die...

..........####..######.
........<..# #..# #.
...........# #..# #.
.....[.....####..# #.
.................# #.
.............)...# #.
.............8...# #.
.................# #.
.......@Z........# #.
....Z.M.......#..#
...........####..#
..8........# ..#
...........# ..#
...........#
...........#
...........#


You could see a mummy, a wolf spider simulacrum and a worker ant zombie.

Vanquished Creatures
  Harold (D:7)
  Pikel (D:4)
  A troll (D:8)
  A hornet (D:8)
  Prince Ribbit (D:6)
  Grinder (D:3)
  A hippogriff (D:2)
  Edmund (D:5)
  A soldier ant (D:8)
  An orc warrior (D:5)
  A black bear (D:8)
  A phantom (D:6)
  2 ice beasts
  A necrophage (D:6)
  4 ogres
  5 wolves (D:8)
  4 sky beasts
  3 centaurs
  A crocodile (D:9)
  3 bullfrogs
  A scorpion (D:8)
  A wight (D:9)
  3 crimson imps
  2 centaur zombies (D:9)
  2 bullfrog zombies
  6 hounds
  Crazy Yiuf (D:7)
  2 jellies
  An orc wizard (D:3)
  A bullfrog skeleton (D:6)
  2 centaur skeletons
  Ijyb (D:4)
  3 iguanas
  Natasha (thrice) (D:3)
  7 worker ants
  A hound zombie (D:5)
  A howler monkey zombie (D:7)
  5 adders
  2 shadow imps
  An ooze (D:3)
  2 adder zombies
  2 adder skeletons
  7 worms
  3 dart slugs
  8 leopard geckos
  10 orcs
  10 giant cockroaches
  10 goblins
  11 hobgoblins
  18 jackals
  7 quokkas
  4 ball pythons
  10 bats
  10 frilled lizards
  11 kobolds
  A leopard gecko skeleton (D:6)
  A quokka skeleton (D:7)
  A quokka zombie (D:9)
  7 rats
214 creatures vanquished.

Notes
Turn   | Place    | Note
-------+----------+-------------------------------------------
     0 | D:1      | Arkanax the Hill Orc Fighter began the quest for the Orb.
     0 | D:1      | Reached XP level 1. HP: 19/19 MP: 1/1
    33 | D:1      | Reached skill level 3 in Axes
    93 | D:1      | Reached XP level 2. HP: 22/26 MP: 2/2
   231 | D:1      | Reached skill level 4 in Axes
   270 | D:1      | Reached XP level 3. HP: 21/31 MP: 3/3
   866 | D:2      | Reached skill level 5 in Axes
   914 | D:2      | Reached XP level 4. HP: 35/39 MP: 4/4
   997 | D:2      | Reached skill level 6 in Axes
  1641 | D:2      | Found an ornate altar of the Wu Jian Council.
  1696 | D:3      | Noticed a hippogriff
  1698 | D:3      | Reached XP level 5. HP: 45/45 MP: 5/5
  1700 | D:3      | Noticed Grinder
  1750 | D:2      | Killed a hippogriff
  1750 | D:2      | Reached skill level 8 in Axes
  1750 | D:2      | Reached XP level 6. HP: 7/51 MP: 6/6
  2026 | D:3      | Paralysed by Grinder for 7 turns
  2175 | D:3      | Paralysed by Grinder for 7 turns
  2188 | D:3      | Killed Grinder
  2188 | D:3      | Reached skill level 9 in Axes
  2188 | D:3      | Reached XP level 7. HP: 38/57 MP: 7/7
  2276 | D:3      | Noticed Natasha
  2285 | D:3      | Killed Natasha
  2285 | D:3      | Reached skill level 10 in Axes
  2672 | D:3      | Noticed Natasha
  2676 | D:3      | Killed Natasha
  2685 | D:3      | Noticed Natasha
  2698 | D:3      | Killed Natasha
  3029 | D:4      | Noticed Ijyb
  3050 | D:4      | Killed Ijyb
  3407 | D:4      | Reached skill level 11 in Axes
  3461 | D:4      | Noticed Pikel
  3474 | D:4      | HP: 2/57 [Pikel/+0 whip of electrocution (9)]
  3879 | D:4      | Killed Pikel
  3879 | D:4      | Reached skill level 12 in Axes
  3879 | D:4      | Reached XP level 8. HP: 28/64 MP: 8/8
  4111 | D:5      | Entered Level 5 of the Dungeon
  4147 | D:5      | Noticed Edmund
  4160 | D:5      | Killed Edmund
  4160 | D:5      | Reached skill level 13 in Axes
  4425 | D:5      | Found a large runed translucent door.
  4425 | D:5      | Found a large runed translucent door.
  4437 | D:5      | Found a large runed translucent door.
  4437 | D:5      | Found a large runed translucent door.
  4502 | D:5      | Reached skill level 14 in Axes
  4502 | D:5      | Reached XP level 9. HP: 49/70 MP: 9/9
  5677 | D:6      | Reached skill level 15 in Axes
  5882 | D:6      | Noticed Prince Ribbit
  5895 | D:6      | Killed Prince Ribbit
  6246 | D:6      | Found a staircase to the Ecumenical Temple.
  6340 | D:7      | Reached skill level 16 in Axes
  6393 | Temple   | Entered the Ecumenical Temple
  6572 | Temple   | Became a worshipper of Uskayaw the Reveler
  6652 | D:7      | Reached * piety under Uskayaw
  6687 | D:7      | Noticed Harold
  6705 | D:7      | Reached ** piety under Uskayaw
  6712 | D:7      | Reached *** piety under Uskayaw
  6713 | D:7      | Killed Harold
  6713 | D:7      | Reached skill level 5 in Fighting
  6713 | D:7      | Reached skill level 5 in Armour
  6713 | D:7      | Reached XP level 10. HP: 32/81 MP: 10/10
  6949 | D:7      | Reached **** piety under Uskayaw
  7169 | D:7      | Found a runed translucent door.
  7170 | D:7      | Noticed Crazy Yiuf
  7318 | D:7      | Killed Crazy Yiuf
  7396 | D:8      | Found Syilio's Magic Scroll Shoppe.
  7440 | D:8      | HP: 4/84 [wolf (7)]
  7444 | D:8      | Reached ***** piety under Uskayaw
  7447 | D:8      | Reached skill level 5 in Shields
  7764 | D:8      | Bought a scroll of identify for 24 gold pieces
  7764 | D:8      | Bought a scroll of identify for 24 gold pieces
  7764 | D:8      | Bought a scroll of identify for 24 gold pieces
  8311 | D:8      | Found a staircase to the Lair.
  8371 | D:8      | Found an iron altar of Okawaru.
  8414 | D:8      | Paralysed by a hornet for 2 turns
  9418 | D:9      | Mangled by a wolf spider simulacrum

Skill      XL: |  1  2  3  4  5  6  7  8  9 10 |
---------------+-------------------------------+-----
Axes           | 3 4 5 6 8 9 12 14 16 | 16.0
Fighting       | 5 7 |  7.5
Armour         | 5 7 |  7.3
Shields        | 4 6 |  6.0

Action                   |  1- 3 |  4- 6 |  7- 9 | 10-12 || total
-------------------------+-------+-------+-------+-------++-------
Melee: War axe           |   113 |   139 |   374 |   164 ||   790
  Use: Potion            |       |     1 |     1 |     2 ||     4
       Scroll            |       |       |    12 |     4 ||    16
 Stab: Sleeping          |       |       |     5 |     2 ||     7
       Paralysed         |       |       |     1 |     4 ||     5
  Eat: Chunk             |       |     5 |     4 |     8 ||    17
       Ration            |       |       |     3 |       ||     3
Armor: Scale mail        |    47 |    98 |    62 |       ||   207
       Ring mail         |       |       |    49 |    44 ||    93
Dodge: Dodged            |    28 |    48 |   110 |    31 ||   217
Block: Shield            |    67 |    75 |   132 |    67 ||   341
